 Dungeon Crawl Stone Soup version 0.30-a0-34-gbe8da3892a (webtiles) character file.

Game seed: 663315067744593831

1 ytrimaz the Insei (level 1, -1/13 HPs)
             Began as an Octopode Transmuter on Aug 28, 2022.
             Slain by a quokka (3 damage)
             ... on level 1 of the Dungeon.
             The game lasted 00:00:09 (35 turns).

ytrimaz the Insei (Octopode Transmuter)               Turns: 35, Time: 00:00:10

Health: -1/13      AC:  1    Str:  9    XL:     1   Next: 20%
Magic:  2/3        EV: 13    Int: 15    God:
Gold:   0          SH:  0    Dex: 12    Spells: 3/4 levels left

rFire   . . .      SeeInvis .      - Unarmed
rCold   . . .      Faith    .    (no shield)
rNeg    . . .      Spirit   .    (helmet currently unavailable)
rPois   .          Reflect  .    (no amulet)
rElec   .          Harm     .    (no ring)
rCorr   .          Rampage  .    (no ring)
Will    .....                    (no ring)
Stlth   ++........               (no ring)
HPRegen 0.04/turn                (no ring)
MPRegen 0.08/turn                (no ring)
                                 (no ring)
                                 (no ring)

@: appendages (expiring)
A: tentacle spike 3, almost no armour, amphibious, 8 rings, camouflage 1,
gelatinous body 1, (nimble swimmer 1), tentacles
a: End Transformation


You were on level 1 of the Dungeon.
One of your tentacles had grown a beastly spike.
You visited 1 branch of the dungeon, and saw 1 of its levels.

Inventory:

Jewellery
 b - an amulet of faith
Potions
 a - a potion of lignification


   Skills:
 - Level 1.0 Fighting
 - Level 2.0 Dodging
 + Level 3.1 Unarmed Combat
 - Level 2.0 Spellcasting
 - Level 2.0 Transmutations


You had 3 spell levels left.
You knew the following spells:

 Your Spells              Type           Power      Damage    Failure   Level
a - Beastly Appendage     Tmut           14%        N/A       10%         1

Your spell library contained the following spells:

 Spells                   Type           Power      Damage    Failure   Level
 Wereblood                Tmut           7%         N/A       14%         2
 Spider Form              Tmut/Pois      4%         N/A       41%         3
 Ice Form                 Ice/Tmut       4%         N/A       82%         4


Dungeon Overview and Level Annotations

Branches:
Dungeon (1/15)

Altars:


Innate Abilities, Weirdness & Mutations

One of your tentacles has grown a beastly spike.
You cannot wear most types of armour.
You are amphibious.
You can wear up to eight rings at the same time.
Your skin changes colour to match your surroundings (Stealth+).
Your rubbery body absorbs attacks. (AC +1, EV +1)
((You are camouflaged when in or above water. (Stealth+)))
You have tentacles for arms and can constrict up to eight enemies at once.


Message History

A kobold is nearby!
A kobold is nearby!
A kobold is nearby!
One of your tentacles grows a vicious spike.
A quokka comes into view.
The kobold shouts!
The kobold barely misses you. The kobold misses you.
You miss the kobold. You grab the kobold.
You constrict the kobold, but do no damage.
You tentacle-slap the kobold but do no damage.
You squeeze the kobold.
The kobold is heavily wounded.
Your transformation is almost over.
You constrict the kobold, but do no damage.
The quokka closely misses you.
The kobold hits you with a +0 short sword.
You barely miss the quokka. Your grab misses the quokka.
Your tentacle spike misses the quokka.
You squeeze the quokka, but do no damage.
You constrict the kobold. The quokka misses you.
The kobold hits you with a +0 short sword.
The quokka closely misses you.
You tentacle-slap the quokka but do no damage.
Your grab misses the quokka. Your squeeze misses the quokka.
You constrict the kobold, but do no damage.
The kobold hits you with a +0 short sword.
The quokka bites you.
* * * LOW HITPOINT WARNING * * *
Unknown command.
You tentacle-slap the quokka but do no damage.
You grab the quokka. You constrict the kobold.
You kill the kobold!
You constrict the quokka. The quokka closely misses you.
Unknown command.
You tentacle-slap the quokka.
The quokka is severely wounded.
You constrict the quokka, but do no damage.
The quokka bites you.
You die...

#♣♣♣♣...♣♣♣♣#
#...........#
#.........).# #+#
#.8..8.8..8.# #.#
#.......÷÷..# #.#
#..÷÷....÷..#
##.###.8..8.8..8.#
##...##.........[.#
#.@...#...........#
##r).##...........#
######.###...........#
..........#...........#
#######.#.......<......
#.###...........# #.#
#...........# #.#
#...........# #.#
#...........#


You could see a quokka.

Vanquished Creatures
  A kobold (D:1)
1 creature vanquished.

Notes
Turn   | Place    | Note
-------+----------+-------------------------------------------
     0 | D:1      | ytrimaz the Octopode Transmuter began the quest for the
                  | Orb.
     0 | D:1      | Reached XP level 1. HP: 13/13 MP: 3/3
    35 | D:1      | Slain by a quokka

Illustrated notes

Levels and vault maps discovered:
D:1:      giann_forest_graveyard, layout_loops_corners,
          hellmonk_ecumenical_altar_watching_god, serial_shops,
          nicolae_shop_window_shopping

Action                   || total
-------------------------++-------
Melee: Unarmed           ||     6
       Constrict         ||     2
       Tentacles         ||     2
 Cast: Beastly Appendage ||     1
Dodge: Dodged            ||     6

Table legend: (Time is in decaauts)
 A = Elapsed time spent in this place.
 B = Non-inter-level travel time spent in this place.
 C = Inter-level travel time spent in this place.
 D = Time resting spent in this place.
 E = Time spent auto-exploring this place.
 F = Levels seen in this place.
 G = Mean time per level.
                   A        B        C        D        E       F      G
               +--------+--------+--------+--------+--------+-----+--------+
         Total |     34 |     34 |      0 |      0 |     15 |   1 |   34.0 |
       Dungeon |     34 |     34 |      0 |      0 |     15 |   1 |   34.0 |
               +--------+--------+--------+--------+--------+-----+--------+

Top non-repeatable levels by time:
     D:1: 34 daAuts
